 Dungeon Crawl Stone Soup version 0.20.0-10-g0535bb4 (console) character file.

3236 jeanjacques the Basher (level 9, -2/69 HPs)
             Began as a Mummy Artificer on June 4, 2017.
             Slain by an orc knight
             ... wielding a +0 war axe
              (8 damage)
             ... in a bailey.
             The game lasted 00:22:13 (5016 turns).

jeanjacques the Basher (Mummy Artificer)            Turns: 5016, Time: 00:22:14

Health: -2/69      AC: 10    Str: 19    XL:     9   Next: 66%
Magic:  13/13      EV: 10    Int: 10    God:
Gold:   350        SH:  0    Dex: 12    Spells: 8/8 levels left

rFire    . . .     SeeInvis .   a - +2 dire flail (protect)
rCold    + + +     Gourm    .   (shield currently unavailable)
rNeg     + + +     Faith    .   f - +0 scale mail
rPois    ∞         Spirit   .   (no helmet)
rElec    .         Reflect  .   r - scarf {rC+ rF+}
rCorr    .         Harm     .   (no gloves)
MR       +....                  x - +1 pair of boots
Stlth    ..........             (no amulet)
Regen    0.3/turn               z - +2 ring of protection
MPRegen  0.2/turn               s - ring of protection from cold

@: no status effects
A: no food or potions, fire vulnerability, cold resistance 1, negative energy
resistance 3, torment resistance, unbreathing
a: no special abilities


You were in a bailey.
You were not hungry.

You visited 1 branch of the dungeon, and saw 11 of its levels.
You also visited: Bailey.

You collected 350 gold pieces.

Inventory:

Hand Weapons
 a - a +2 dire flail of protection (weapon)
 b - a +0 hunting sling
 w - a +0 short sword
 y - a +1 long sword
Missiles
 h - 196 stones (quivered)
 o - 32 tomahawks of returning
 v - 20 poisoned needles
Armour
 f - a +0 scale mail (worn)
 p - a +0 chain mail
 r - a scarf of resistance (worn)
 x - a +1 pair of boots (worn)
Jewellery
 g - an uncursed ring of ice
 k - a +3 ring of intelligence
 l - an uncursed ring of resist corrosion
 s - a ring of protection from cold (right hand)
 z - a +2 ring of protection (left hand)
Wands
 c - a wand of flame (1/48)
 d - a wand of enslavement (0/24)
 e - a wand of random effects (0/48)
 n - a wand of digging (17/24)
 u - a wand of scattershot (0/9)
Scrolls
 i - a scroll of teleportation
 q - a scroll of remove curse
 t - 2 scrolls of immolation {!r}
Books
 j - a book of Changes

   Spells                             Type                      Level
   a - Beastly Appendage              Transmutation                1
   b - Sticks to Snakes               Transmutation                2
   c - Spider Form                    Transmutation/Poison         3
   d - Ice Form                       Ice/Transmutation            4
   e - Blade Hands                    Transmutation                5


   Skills:
 - Level 5.9 Fighting
 - Level 0.7 Short Blades
 + Level 8.9 Maces & Flails
 - Level 1.3 Armour
 - Level 1.5 Dodging
 - Level 0.7 Stealth
 - Level 5.5 Evocations


You had 8 spell levels left.
You didn't know any spells.

Dungeon Overview and Level Annotations

Branches:
Dungeon (11/15)            Temple (0/1) D:4
   Lair: D:8-11         Orc: D:9-12

Altars:
Gozag
Kikubaaqudgha
Qazlal
Vehumet
Xom

Annotations:
D:5 1 runed door


Innate Abilities, Weirdness & Mutations

You do not eat or drink.
Your flesh is vulnerable to fire.
You are immune to poison.
Your flesh is cold resistant. (rC+)
You are immune to negative energy. (rN+++)
You are immune to unholy pain and torment.
You can survive without breathing.


Message History

The orc knight hits you with a war axe!
* * * LOW HITPOINT WARNING * * *
As you read the scroll of fear, it crumbles to dust.
You assume a fearsome visage.
The kobold looks frightened! x2
The orc knight resists with almost no effort.
The orc looks frightened!
The orc knight hits you with a war axe!
* * * LOW HITPOINT WARNING * * *
The orc appears out of thin air!
Things that are here:
a hand axe; a ring mail; a tomahawk of returning
Items here: ( )))) [[[[ The orc appears out of thin air!
Items here: ( ))) [[[ You see here 5 tomahawks of returning.
You see here a tomahawk of returning.
Items here: ! % ( ) [ a hand axe; a leather armour; 5 tomahawks of returning; a coppery potion a kobold skeleton
Things that are here:
a hand axe; a leather armour; a hand axe of electrocution
There is an open door here.
Things that are here:
a hand axe; a leather armour; a kobold skeleton
There is a gate leading back out of this place here.
Evoke which item? (* to show all) (? for menu, Esc to quit)
Aiming: Random Effects
Aim: an orc knight, wielding a war axe and wearing a scale mail (severely wounded)
The fireball explodes!
The fireball engulfs the orc knight.
The orc knight is almost dead.
The fireball engulfs you!
* * * LOW HITPOINT WARNING * * *
This wand has 0 charges left.
The orc knight hits you with a war axe.
* * * LOW HITPOINT WARNING * * *
Evoke which item? (* to show all) (? for menu, Esc to quit)
Aiming: Throw Flame
Aim: an orc knight, wielding a war axe and wearing a scale mail (almost dead)
The puff of flame hits the orc knight.
The orc knight is almost dead.
This wand has 1 charge left.
The orc knight hits you with a war axe!
You die...

### #)# #####
#.\.# #...#
#.M.#
######o######
#...K0)0....#
#'###~)~###'#
#....~(~....#
#'###~(~###'#
#...%~(~%...#
#'###~)~###'#
#^...~)~....#


You could see an orc knight.

Vanquished Creatures
  A spriggan (D:8)
  2 yaks
  Edmund (D:6)
  5 orc warriors (Bailey)
  A phantom (D:7)
  2 black bears (D:7)
  3 sky beasts
  An ice beast (D:4)
  2 ogres
  A centaur (D:6)
  4 bullfrogs
  2 scorpions (D:7)
  A crimson imp (D:7)
  2 quasits (D:7)
  An orc priest (D:3)
  A bullfrog skeleton (D:5)
  2 centaur skeletons
  A hound (D:4)
  A jelly (D:7)
  Jessica (D:2)
  An iguana (D:7)
  An orc wizard (D:4)
  3 worker ants
  A hound zombie (D:5)
  7 adders
  A shadow imp (D:6)
  3 oozes
  2 worms (D:2)
  A dart slug (D:1)
  2 leopard geckos
  22 orcs
  5 bats
  3 giant cockroaches
  15 goblins
  7 hobgoblins
  3 jackals (D:4)
  4 quokkas
  3 frilled lizards
  A jackal skeleton (D:4)
  21 kobolds
  A leopard gecko skeleton (D:5)
  10 rats
152 creatures vanquished.

Vanquished Creatures (collateral kills)
  A two-headed ogre (D:8)
  A yak (D:11)
  An orc priest (D:11)
  A worker ant (D:11)
  4 orcs
  A kobold (Bailey)
9 creatures vanquished.

Vanquished Creatures (others)
  An ugly thing (D:11)
  An orc warrior (D:11)
  An orc priest (D:3)
3 creatures vanquished.

Grand Total: 164 creatures vanquished

Notes
Turn   | Place    | Note
-------+----------+-------------------------------------------
     0 | D:1      | jeanjacques the Mummy Artificer began the quest for the Orb.
     0 | D:1      | Reached XP level 1. HP: 15/15 MP: 2/2
   180 | D:1      | Reached XP level 2. HP: 19/21 MP: 4/4
   422 | D:3      | Reached skill level 3 in Evocations
   460 | D:3      | Found a radiant altar of Vehumet.
   511 | D:3      | Reached skill level 2 in Fighting
   523 | D:3      | Reached XP level 3. HP: 15/27 MP: 5/5
  1168 | D:2      | Noticed Jessica
  1173 | D:2      | Killed Jessica
  1173 | D:2      | Reached XP level 4. HP: 14/34 MP: 6/6
  1566 | D:2      | Reached skill level 3 in Fighting
  1916 | D:2      | Found an opulent altar of Gozag.
  1916 | D:2      | Found an ancient bone altar of Kikubaaqudgha.
  2073 | D:4      | Found a staircase to the Ecumenical Temple.
  2080 | D:4      | Noticed an ice beast
  2094 | D:4      | Killed an ice beast
  2094 | D:4      | Reached skill level 1 in Armour
  2094 | D:4      | Reached skill level 4 in Evocations
  2094 | D:4      | Reached XP level 5. HP: 38/41 MP: 6/8
  2109 | D:5      | Entered Level 5 of the Dungeon
  2144 | D:5      | Found a shimmering altar of Xom.
  2250 | D:5      | Found a runed door.
  2337 | D:5      | Reached XP level 6. HP: 43/48 MP: 9/9
  2361 | D:5      | Reached skill level 4 in Fighting
  2504 | D:8      | Noticed a two-headed ogre
  2504 | D:8      | Noticed a two-headed ogre
  2513 | D:8      | Killed a two-headed ogre
  2513 | D:8      | Reached skill level 5 in Fighting
  2513 | D:8      | Reached skill level 5 in Evocations
  2513 | D:8      | Reached XP level 7. HP: 16/56 MP: 10/10
  2583 | D:6      | Noticed Edmund
  2588 | D:6      | Killed Edmund
  2614 | D:6      | Reached skill level 1 in Maces & Flails
  2664 | D:4      | Reached skill level 2 in Maces & Flails
  2753 | D:4      | Reached XP level 8. HP: 36/64 MP: 12/12
  2944 | D:3      | Found a stormy altar of Qazlal.
  2998 | D:4      | Reached skill level 3 in Maces & Flails
  3199 | D:5      | Reached skill level 4 in Maces & Flails
  3330 | D:7      | Reached skill level 5 in Maces & Flails
  3379 | D:7      | Reached skill level 6 in Maces & Flails
  3502 | D:7      | Reached XP level 9. HP: 43/69 MP: 13/13
  3590 | D:8      | Reached skill level 7 in Maces & Flails
  3676 | D:10     | Entered Level 10 of the Dungeon
  3703 | D:11     | Noticed a red ugly thing
  3703 | D:11     | Noticed a wizard
  3703 | D:11     | Noticed an eight-headed hydra
  3703 | D:11     | Noticed a fire dragon
  3703 | D:11     | Noticed a spiny frog
  3703 | D:11     | Noticed a kobold demonologist
  3703 | D:11     | Noticed a seven-headed hydra
  4118 | D:10     | Reached skill level 8 in Maces & Flails
  4125 | D:10     | Found a flagged portal.
  4134 | Bailey   | Entered a bailey
  4476 | Bailey   | HP: 2/69 [orc warrior/war axe (13)]
  4965 | Bailey   | Noticed an orc knight
  5015 | Bailey   | HP: 6/69 [orc knight/war axe (4)]
  5016 | Bailey   | Slain by an orc knight

Skill      XL: |  1  2  3  4  5  6  7  8  9 |
---------------+----------------------------+-----
Evocations     | 3 4 5 |  5.5
Fighting       | 2 3 5 |  5.9
Armour         | 1 |  1.3
Maces & Flails | 2 6 8 |  8.9
Short Blades   | |  0.7
Dodging        | |  1.5
Stealth        | |  0.7

Action                   |  1- 3 |  4- 6 |  7- 9 || total
-------------------------+-------+-------+-------++-------
Melee: Short sword       |   152 |   103 |       ||   255
       Long sword        |       |    46 |     8 ||    54
       Dire flail        |       |       |   318 ||   318
Throw: Stone             |    10 |     4 |       ||    14
Evoke: Wand              |     3 |     9 |    33 ||    45
  Use: Scroll            |     3 |     3 |    12 ||    18
Armor: Scale mail        |    61 |    74 |   251 ||   386
       Leather armour    |     1 |       |       ||     1
Dodge: Dodged            |    64 |    67 |   246 ||   377
Block: Buckler           |    11 |    27 |     1 ||    39
       Rpst.: Long sword |       |     5 |       ||     5

Table legend:
 A = Turns spent in this place as a percentage of turns spent in the entire game.
 B = Non-inter-level travel turns spent in this place as a percentage of non-inter-level travel turns spent in the entire game.
 C = Inter-level travel turns spent in this place as a percentage of turns spent in this place.
 D = Turns resting spent in this place as a percentage of non-inter-level travel turns spent in this place.
 E = Turns spent auto-exploring this place as a percentage of non-inter-level travel turns spent in this place.
 F = Non-inter-level travel turns spent in this place divided by the number of levels of this place that you've seen.
                   A       B       C       D       E      F
               +-------+-------+-------+-------+-------+----------------------
         Total | 100.0 | 100.0 |   0.3 |   0.6 |   4.2 | 197.1
       Dungeon |  82.4 |  82.4 |   0.4 |   0.4 |   5.1 | 177.1
        Bailey |  17.6 |  17.6 |   0.0 |   1.4 |   0.0 | 417.0
               +-------+-------+-------+-------+-------+----------------------

Table legend:
 A = Kills in this place as a percentage of kills in entire the game.
 B = Kills by you in this place as a percentage of kills by you in the entire game.
 C = Kills by friends in this place as a percentage of kills by friends in the entire game.
 D = Other kills in this place as a percentage of other kills in the entire game.
 E = Experience gained in this place as a percentage of experience gained in the entire game.
 F = Experience gained in this place divided by the number of levels of this place that you have seen.
                   A       B       C       D       E      F
               +-------+-------+-------+-------+-------+----------------------
         Total | 100.0 | 100.0 | 100.0 |  -nan | 100.0 | 385.2
       Dungeon |  82.6 |  82.9 |  77.8 |  -nan |  84.6 | 355.5
        Bailey |  17.4 |  17.1 |  22.2 |  -nan |  15.4 | 712.0
               +-------+-------+-------+-------+-------+----------------------

Vault maps used:
D:1:      scummos_arrival_checkerplants, hangedman_decor_peaks_small,
          amethyst_killhole
D:2:      kennysheep_six_static_rooms, gammafunk_temple_overflow_pools,
          first_bread, kennysheep_generic_room_6, uniq_jessica, uniq_sigmund
D:3:      lemuel_doored_altar, old_standard_altar, marbit_many_paths
D:4:      yredelemnul_forgotten_temple_becter,
          minmay_temple_entry_statues_fountains, nicolae_ossuary_entry_plus
D:5:      lemuel_crystal_altar, uniq_crazy_yiuf_cottage
D:6:      nemelex_xobeh_ov_fountains_minmay, basic_altar, fedhas_altar_4,
          uniq_edmund
D:7:      trog_ov_bears_minmay
D:8:      lemuel_round_altar, the_bakery
D:9:      cheibrodos_two_vegetables, gammafunk_temple_overflow_wave,
          lair_entry_dummy, serial_shops, shop, shop_statue, shop,
          nicolae_shop_behind_doors
D:10:     zombieorc2_lemuel, enter_bailey_2
D:11:     minmay_ambush_box, nicolae_gozag_cash_rules_everything_around_me
Bailey:   bailey_axe_1, bailey

Action                   |  1- 3 |  4- 6 |  7- 9 || total
-------------------------+-------+-------+-------++-------
Melee: Short sword       |   152 |   103 |       ||   255
       Long sword        |       |    46 |     8 ||    54
       Dire flail        |       |       |   318 ||   318
Throw: Stone             |    10 |     4 |       ||    14
Evoke: Wand              |     3 |     9 |    33 ||    45
  Use: Scroll            |     3 |     3 |    12 ||    18
Armor: Scale mail        |    61 |    74 |   251 ||   386
       Leather armour    |     1 |       |       ||     1
Dodge: Dodged            |    64 |    67 |   246 ||   377
Block: Buckler           |    11 |    27 |     1 ||    39
       Rpst.: Long sword |       |     5 |       ||     5
